 Dungeon Crawl Stone Soup version 0.29.1-2-gbd0b4ee654 (webtiles) character file.

Game seed: 7684508707827590582

35 xian the Charlatan (level 3, -1/25 (26) HPs)
             Began as a Demonspawn Artificer on Nov 16, 2022.
             Slain by Terence
             ... wielding the +7 Throatcutter {drain, coup de grace}
              (5 damage)
             ... on level 2 of the Dungeon.
             The game lasted 00:03:20 (1677 turns).

xian the Charlatan (Demonspawn Artificer)           Turns: 1677, Time: 00:03:27

HP:   -1/25 (26)    AC:  6    Str: 12    XL:     3   Next: 16%
MP:   3/3           EV:  9    Int: 14    God:
Gold: 22            SH:  0    Dex: 13    Spells: 2/2 levels left

rFire   . . .      SeeInvis .   k - +0 hand axe (flame)
rCold   . . .      Faith    .   (no shield)
rNeg    . . .      Spirit   .   h - +0 scale mail
rPois   .          Reflect  .   (no helmet)
rElec   .          Harm     .   (no cloak)
rCorr   .          Rampage  .   (no gloves)
Will    .....                   (no boots)
Stlth   ..........              (no amulet)
HPRegen 0.08/turn               (no ring)
MPRegen 0.08/turn               (no ring)

@: lightly drained
A: demonic magic 2
a: no special abilities


You were on level 2 of the Dungeon.
You visited 1 branch of the dungeon, and saw 2 of its levels.

You collected 22 gold pieces.

Inventory:

Hand Weapons
 k - a +0 hand axe of flaming (weapon)
Armour
 h - a +0 scale mail (worn)
Wands
 c - a wand of flame (8) (quivered)
 d - a wand of charming (14)
 e - a wand of iceblast (4)
Scrolls
 f - a scroll of noise {unknown}
Potions
 a - a potion of attraction
 b - 2 potions of haste {unknown}
 g - a potion of degeneration {unknown}
 i - a potion of resistance {unknown}
 j - a potion of curing {unknown}
 l - a potion of heal wounds {unknown}
 m - a potion of mutation {unknown}


   Skills:
 + Level 1.0 Fighting
 + Level 0.7(0.8) Axes
 + Level 0.2(0.4) Maces & Flails
 + Level 2.1 Armour
 + Level 1.1 Dodging
 + Level 0.8 Stealth
 + Level 3.7 Evocations


You had 2 spell levels left.
You didn't know any spells.
Your spell library contained the following spells:

 Spells                   Type           Power      Damage    Failure   Level
 Conjure Flame            Conj/Fire      0%         6-21      99%         3
 Ignite Poison            Fire/Tmut/Pois 0%         N/A       99%         3
 Sticky Flame             Conj/Fire      0%         2d3       100%        4


Dungeon Overview and Level Annotations

Branches:
Dungeon (2/15)

Altars:

Shops:
D:2 *

Annotations:
D:2 Terence


Innate Abilities, Weirdness & Mutations

Spells you cast may paralyse nearby enemies.


Message History

Aiming: Throw Flame
Press: ? - help, Q - select action, (/) - cycle Shift-Dir - straight line, f/p - Terence
Aim: Terence, wielding the +7 Throatcutter {drain, coup de grace} and wearing a +0 chain mail (79% to hit)
The puff of flame hits Terence but does no damage.
Unknown command.
Aiming: Throw Flame
Press: ? - help, Q - select action, (/) - cycle Shift-Dir - straight line, f/p - Terence
Aim: Terence, wielding the +7 Throatcutter {drain, coup de grace} and wearing a +0 chain mail (79% to hit)
The puff of flame hits Terence but does no damage.
Unknown command.
Aiming: Throw Flame
Press: ? - help, Shift-Dir - straight line, f/p - Terence
Aim: Terence, wielding the +7 Throatcutter {drain, coup de grace} and wearing a +0 chain mail (79% to hit)
The puff of flame misses Terence.
Aiming: Iceblast
Press: ? - help, Shift-Dir - straight line, f/p - Terence
Aim: Terence, wielding the +7 Throatcutter {drain, coup de grace} and wearing a +0 chain mail The mass of ice explodes!
The iceblast engulfs Terence.
Terence is moderately wounded.
It was a potion of attraction.
You feel attractive to monsters.
Aiming: Charm
Press: ? - help, Shift-Dir - straight line, f/p - Terence
Aim: Terence, wielding the +7 Throatcutter {drain, coup de grace} and wearing a +0 chain mail (moderately wounded, chance to affect: 67%) Terence is charmed.
You swap places.
You see here a +0 flail.
Found Ihujest's General Store.
There is an entrance to Ihujest's General Store here.
You swap places.
There is an entrance to Ihujest's General Store here.
You start resting.
You feel less attractive to monsters.
You start resting.
Terence is no longer charmed.
Terence hits you with the +7 Throatcutter {drain, coup de grace}!
Ouch! That really hurt!
* * * LOW HITPOINT WARNING * * *
You feel drained.
You die...

#. #####.# #.
#.....# #. #.###.#
#. #.# #.#
#.###.###.#
#...)..)..#
#####.#####
##.################
#........@@........
#..################
#.)# ....# ....##
#####


You could see Terence.

Vanquished Creatures
  A gnoll (D:1)
  A dart slug (D:2)
  3 ball pythons
  4 endoplasms
  A giant cockroach (D:1)
  3 goblins
  2 hobgoblins (D:1)
  2 kobolds (D:1)
  A bat (D:1)
  A frilled lizard (D:1)
  2 rats (D:1)
21 creatures vanquished.

Notes
Turn   | Place    | Note
-------+----------+-------------------------------------------
     0 | D:1      | xian the Demonspawn Artificer began the quest for the Orb.
     0 | D:1      | Reached XP level 1. HP: 15/15 MP: 1/1
    47 | D:1      | Reached skill level 1 in Dodging
   222 | D:1      | Gained mutation: Spells you cast may paralyse adjacent
                  | enemies. [demonic ancestry]
   222 | D:1      | Reached XP level 2. HP: 13/21 MP: 2/2
  1311 | D:2      | Gained mutation: Spells you cast may paralyse nearby
                  | enemies. [demonic ancestry]
  1311 | D:2      | Reached XP level 3. HP: 17/26 MP: 3/3
  1627 | D:2      | Noticed Terence
  1638 | D:2      | Found Ihujest's General Store.
  1677 | D:2      | Slain by Terence

Illustrated notes

Levels and vault maps discovered:
D:1:      dpeg_arrival_boxes_within_box, layout_loops_corners
D:2:      layout_loops_ring, serial_shops, shop, uniq_terence

Skill      XL: |  1 |
---------------+----+-----
Dodging        | 1 |  1.1
Armour         | 2 |  2.1
Fighting       | |  1.0
Axes           | |  0.7
Maces & Flails | |  0.2
Stealth        | |  0.8
Evocations     | |  3.7

Action                   || total
-------------------------++-------
Melee: Club              ||    20
       Hand axe          ||    45
       Punch             ||     1
Evoke: Wand              ||     9
  Use: Potion            ||     1
Armor: Leather armour    ||    13
       Scale mail        ||    23
Dodge: Dodged            ||    50
